Map: Lightshade LE

Players

Computer - Winner!

  • Race: Terran Terran
  • League: Diamond
  • Spawn Location: 11:00

Heeebster

  • Race: Protoss Protoss
  • League: Diamond
  • Spawn Location: 5:00

VOD

Have the link to the VOD?

Description

Time

  • Played on: Nov. 15, 2020, 2:39 p.m.
  • Length: 4:26
Show
View Real Time Build Order
Export as new Build Order

Computer Terran - Winner!

Build Orders:  

Get SALT Encoding   

  12  0:00  SCV  
  13  0:13  SCV  
  14  0:17  Supply Depot  
  14  0:25  SCV  
  15  0:39  SCV  
  15  0:41  Barracks  
  16  0:48  Supply Depot  
  16  0:51  SCV  
  17  1:01  Barracks  
  17  1:04  SCV  
  18  1:17  Barracks  
  18  1:19  SCV  
  19  1:28  Marine  
  20  1:34  Barracks  
  20  1:36  SCV  
  21  1:46  Marine  
  22  1:48  SCV  
  22  1:51  Marine  
  24  1:56  Supply Depot  
  24  2:01  SCV  
  25  2:03  Marine  
  25  2:04  Marine  
  27  2:09  Marine  
  27  2:13  SCV  
  29  2:21  Marine  
  29  2:22  Marine  
  31  2:23  Marine  
  31  2:26  SCV  
  31  2:27  Marine  
  31  2:29  Supply Depot  
  34  2:39  Marine  
  34  2:40  Marine x2, SCV  
  38  2:45  Marine  
  39  2:54  SCV  
  39  2:57  Marine  
  41  3:00  Marine  
  42  3:06  Marine  
  42  3:11  SCV  
  44  3:18  Marine  
  44  3:31  Marine x2  
  44  3:36  Marine x2  
  41  3:49  Marine  
  41  3:53  Marine  
  41  3:54  Marine  
  39  3:57  Marine  
  35  4:07  Marine  
Show
View Real Time Build Order
Export as new Build Order

Heeebster Protoss 

Build Orders:  

Get SALT Encoding   

  12  0:00  Probe  
  13  0:13  Pylon  
  13  0:18  Probe  
  14  0:30  Probe (Chrono Boost)  
  15  0:36  Gateway  
  15  0:41  Probe (Chrono Boost)  
  16  0:45  Assimilator, Probe (Chrono Boost)  
  17  0:53  Assimilator  
  17  0:56  Probe  
  18  1:08  Probe  
  19  1:21  Probe  
  19  1:23  Cybernetics Core  
  20  1:33  Probe  
  21  1:45  Probe  
  22  1:54  Nexus  
  22  1:57  Warp Gate (Chrono Boost), Probe  
  23  2:13  Pylon  
  23  2:29  Stalker (Chrono Boost)  
  24  2:37  Shield Battery  
  24  2:39  Shield Battery  
  24  2:44  Gateway  
  24  2:51  Stalker  
  26  3:00  Twilight Council  
  26  3:12  Gateway  
  26  3:16  Probe  
  27  3:33  Stalker  
  29  3:40  Pylon  
  11  4:12  Pylon  
  11  4:13  Pylon  
  7  4:23  Pylon  
Tags
 
Matchup
PvT
Replay Pack
Replays
Spawn Locations
Cross Positions
Add a new tag
Caveats
  • Supply blocks, unpowered buildings, or Contaminate may cause inaccurate times.
  • Supply counts are checked every 10 seconds.